 Dungeon Crawl Stone Soup version 0.23.0-42-geed6394480 (webtiles) character file.

Game seed: 1591703903711731844

11910 Bapho the Carver (level 11, -1/94 HPs)
             Began as a Hill Orc Monk on Feb 28, 2019.
             Was an Elder of Okawaru.
             Slain by an 11-headed hydra (10 damage)
             ... on level 2 of the Lair of Beasts.
             The game lasted 00:26:07 (16297 turns).

Bapho the Carver (Hill Orc Monk)                   Turns: 16297, Time: 00:26:08

Health: -1/94      AC: 19    Str: 21    XL:     11   Next: 85%
Magic:  10/11      EV: 10    Int: 10    God:    Okawaru [****..]
Gold:   981        SH:  0    Dex: 15    Spells: 10/10 levels left

rFire    . . .     SeeInvis .   a - +0 scimitar
rCold    . . .     Gourm    .   (no shield)
rNeg     . . .     Faith    .   z - +0 plate armour
rPois    .         Spirit   .   q - +1 helmet
rElec    .         Reflect  .   (no cloak)
rCorr    .         Harm     .   (no gloves)
MR       .....                  T - +0 pair of boots
Stlth    ..........             (no amulet)
HPRegen  0.25/turn              d - +3 ring of slaying
MPRegen  0.12/turn              v - ring of flight

@: mighty, about to teleport, heroism
A: no striking features
a: Heroism, Renounce Religion, Evoke Flight


You were on level 2 of the Lair of Beasts.
You worshipped Okawaru.
Okawaru was greatly pleased with you.
You were not hungry.

You visited 3 branches of the dungeon, and saw 13 of its levels.
You also visited: Ossuary.

You collected 981 gold pieces.

Inventory:

Hand Weapons
 a - a +0 scimitar (weapon)
 b - a +0 shortbow
 e - a +1 falchion
 G - a +0 falchion of flaming
 S - the +3 rapier "Eviscerator" {pierce, *Corrode Int+4 Dex+4 Stlth+}
   (You found it on level 2 of the Lair of Beasts)

   It inflicts extra damage upon your enemies.
   It affects your intelligence (+4).
   It affects your dexterity (+4).
   It may corrode you when you take damage.
   It makes you more stealthy.
Missiles
 j - 318 arrows
 o - 389 stones (quivered)
Armour
 g - a +0 helmet of intelligence
 q - a +1 helmet (worn)
 z - a +0 plate armour (worn)
 M - a +0 crystal plate armour
 T - a +0 pair of boots (worn)
Jewellery
 d - a +3 ring of slaying (left hand)
 l - an uncursed amulet of magic regeneration {unknown}
 v - a ring of flight (right hand)
 y - an uncursed amulet of regeneration {unknown}
Wands
 J - a wand of random effects (14)
 L - a wand of acid (8)
 N - a wand of flame (20)
 P - a wand of iceblast (9)
Scrolls
 f - 2 scrolls of enchant armour {unknown}
 h - 2 scrolls of amnesia {unknown}
 i - 5 scrolls of remove curse
 k - 6 scrolls of enchant weapon
 m - a scroll of random uselessness {unknown}
 p - 2 scrolls of teleportation
 r - 3 scrolls of blinking {unknown}
 A - a scroll of noise {unknown}
 B - a scroll of immolation {unknown}
 D - 2 scrolls of fog {unknown}
 E - 6 scrolls of magic mapping
 O - 3 scrolls of identify
Potions
 n - a potion of mutation
 s - 2 potions of might
 t - 4 potions of curing
 u - 2 potions of degeneration
 w - 2 potions of flight
 x - a potion of brilliance
 C - 2 potions of resistance
 F - a potion of invisibility
 H - a potion of agility
 I - a potion of magic
 K - a potion of heal wounds
 Q - 2 potions of ambrosia {unknown}
Comestibles
 c - 23 rations


   Skills:
 - Level 8.0(13.0) Fighting
 - Level 14.0(19.0) Long Blades
 + Level 9.4(14.4) Bows
 - Level 6.3(11.3) Armour
 - Level 2.4(7.4) Dodging
 - Level 1.5(6.5) Stealth


You had 10 spell levels left.
You didn't know any spells.
Your spell library contained the following spells:

 Spells                   Type           Power        Failure   Level  Hunger
 Animate Skeleton         Necr           N/A          99%         1    ##.....
 Confusing Touch          Hex            #.....       99%         1    ##.....
 Corona                   Hex            #......      99%         1    ##.....
 Flame Tongue             Conj/Fire      #....        99%         1    ##.....
 Pain                     Necr           #...         99%         1    ##.....
 Shock                    Conj/Air       #...         99%         1    ##.....
 Sting                    Conj/Pois      #...         99%         1    ##.....
 Summon Small Mammal      Summ           #...         99%         1    ##.....
 Call Imp                 Summ           #.......     100%        2    ###....
 Ensorcelled Hibernation  Hex/Ice        #.....       100%        2    ###....
 Throw Flame              Conj/Fire      #.....       100%        2    ###....
 Call Canine Familiar     Summ           #.......     100%        3    ####...
 Confuse                  Hex            #.......     100%        3    ####...
 Conjure Flame            Conj/Fire      #.......     100%        3    ####...
 Dazzling Spray           Conj/Hex       #.....       100%        3    ####...
 Gell's Gravitas          Tloc           #.........   100%        3    ####...
 Inner Flame              Hex/Fire       #.......     100%        3    ####...
 Regeneration             Chrm/Necr      #.........   100%        3    ####...
 Summon Guardian Golem    Hex/Summ       #.......     100%        3    ####...
 Tukima's Dance           Hex            #.......     100%        3    ####...
 Vampiric Draining        Necr           #.........   100%        3    ####...
 Animate Dead             Necr           N/A          100%        4    #####..
 Petrify                  Tmut/Erth      #.......     100%        4    #####..
 Sticky Flame             Conj/Fire      #.......     100%        4    #####..
 Summon Ice Beast         Ice/Summ       #.......     100%        4    #####..
 Summon Lightning Spire   Summ/Air       #.......     100%        4    #####..
 Fireball                 Conj/Fire      #.........   100%        5    ######.
 Lightning Bolt           Conj/Air       #.........   100%        5    ######.
 Metabolic Englaciation   Hex/Ice        #.........   100%        5    ######.
 Yara's Violent Unravell  Hex/Tmut       #.........   100%        5    ######.
 Deflect Missiles         Chrm/Air       #.........   100%        6    #######


Dungeon Overview and Level Annotations

Branches:
Dungeon (10/15)            Temple (1/1) D:4            Lair (2/6) D:8
    Orc (0/2) D:10
  Swamp: Lair:2-4    Shoals: Lair:2-4     Snake: Lair:2-4    Spider: Lair:2-4

Altars:
Ashenzari
Cheibriados
Dithmenos
Fedhas
Gozag
Makhleb
Okawaru
Wu Jian
Yredelemnul
The Shining One

Shops:
D:6 [   D:7 (   D:9 ?

Annotations:
Lair:2 Acheron's ghost, novice MfGl


Message History

The 11-headed hydra bites you but does no damage. x4
The 11-headed hydra bites you.
The 11-headed hydra bites you but does no damage.
The 11-headed hydra barely misses you.
The 12-headed hydra bites you but does no damage.
The 12-headed hydra closely misses you.
The 12-headed hydra bites you but does no damage. x4
The 12-headed hydra bites you. The 12-headed hydra barely misses you.
The 12-headed hydra bites you. The 12-headed hydra closely misses you.
The 12-headed hydra bites you but does no damage.
The 12-headed hydra bites you!
* * * LOW HITPOINT WARNING * * *
As you read the scroll of teleportation, it crumbles to dust.
You feel strangely unstable. The 12-headed hydra bites you!
* * * LOW HITPOINT WARNING * * *
The 12-headed hydra bites you but does no damage. x5
The 12-headed hydra closely misses you.
The 12-headed hydra bites you but does no damage. x5
The 11-headed hydra bites you!
You die...

#..P# ♣.. #.###
♣♣♣ #.# #.## ♣♣♣♣
#..# ♣... #
###### #.## ♣...
#.##.##)###.#
♣..#
###....WD.....#
♣..#
#.......D@....##
♣..#
###'''##P......#
♣..#
##.....##P###..##
♣..# #.(....♣###
##..## ♣..#
#P..)..♣ #...#
♣... #P.$...♣
##.## ♣...
##P..[.# ###.####
♣♣♣♣ ##PP♣##
##.P'##P#♣♣♣
##..........♣


You could see a 12-headed hydra, a 11-headed hydra and Acheron's ghost.

Vanquished Creatures
  2 hydras
  Pikel (D:8)
  An oklob plant (D:8)
  Joseph (D:7)
  Psyche (D:9)
  A spiny frog (Lair:1)
  2 komodo dragons (Lair:1)
  A troll (D:10)
  A polar bear (Lair:2)
  2 dream sheep (D:8)
  2 hippogriffs
  Grum (D:8)
  3 yaks (D:8)
  2 hungry ghosts
  2 porcupines
  5 water moccasins
  4 orc warriors
  A slave (D:8)
  2 black bears
  An ice beast (D:8)
  An ogre (D:8)
  2 sky beasts (D:10)
  3 phantoms
  2 wolves
  5 centaurs
  3 crocodiles
  5 big kobolds
  12 bullfrogs
  A scorpion (Lair:1)
  12 killer bees
  4 troll zombies (D:10)
  4 wights (D:10)
  2 electric eels (Lair:2)
  3 howler monkeys
  2 bullfrog zombies
  2 crimson imps
  2 quasits
  A centaur zombie (D:10)
  2 jellies
  A gnoll shaman (D:6)
  3 hounds
  3 orc priests
  2 centaur skeletons
  4 orc wizards
  2 iguanas
  2 worker ants
  4 ogre zombies (D:10)
  2 hound skeletons
  8 mummies (Ossuary)
  Robin (D:2)
  10 gnolls
  A worker ant zombie (D:5)
  8 adders
  2 river rats (D:5)
  A shadow imp (D:5)
  An ooze (D:3)
  3 adder skeletons
  An adder zombie (D:6)
  2 leopard geckos
  22 orcs
  7 giant cockroaches
  A gnoll zombie (Ossuary)
  12 goblins
  6 hobgoblins
  24 jackals
  5 quokkas
  2 ball pythons
  8 bats
  8 frilled lizards
  2 goblin zombies
  A hobgoblin skeleton (D:10)
  20 kobolds
  2 kobold zombies (Ossuary)
  2 leopard gecko zombies
  28 orc zombies
  A quokka skeleton (D:5)
  A quokka zombie (D:5)
  6 rats
  2 fungi (D:8)
  A plant (Lair:2)
326 creatures vanquished.

Vanquished Creatures (others)
  2 slaves (D:8)
  A phantom (D:8)
  A bullfrog (D:8)
  A big kobold (D:8)
  A crimson imp (D:8)
  A jelly (D:8)
  A quokka (D:8)
8 creatures vanquished.

Grand Total: 334 creatures vanquished

Notes
Turn   | Place    | Note
-------+----------+-------------------------------------------
     0 | D:1      | Bapho the Hill Orc Monk began the quest for the Orb.
     0 | D:1      | Reached XP level 1. HP: 19/19 MP: 1/1
   164 | D:1      | Reached XP level 2. HP: 26/27 MP: 2/2
   339 | D:1      | Reached skill level 4 in Long Blades
   339 | D:1      | Reached skill level 1 in Armour
   339 | D:1      | Reached XP level 3. HP: 29/33 MP: 3/3
   610 | D:2      | Noticed Robin
   800 | D:2      | Killed Robin
   976 | D:2      | Reached XP level 4. HP: 40/40 MP: 4/4
  1572 | D:2      | Found a basalt altar of Yredelemnul.
  3201 | D:4      | Found a staircase to the Ecumenical Temple.
  3211 | Temple   | Entered the Ecumenical Temple
  3224 | Temple   | Became a worshipper of Warmaster Okawaru
  3224 | Temple   | Reached * piety under Okawaru
  3224 | Temple   | Reached ** piety under Okawaru
  3269 | D:4      | Reached XP level 5. HP: 47/47 MP: 5/5
  3378 | D:4      | Noticed a phantom
  3423 | D:4      | Killed a phantom
  3423 | D:4      | Reached skill level 5 in Long Blades
  3948 | D:5      | Entered Level 5 of the Dungeon
  4033 | D:5      | Found a sand-covered staircase.
  4040 | Ossuary  | Entered an ossuary
  4065 | Ossuary  | Reached skill level 5 in Fighting
  4068 | Ossuary  | Reached XP level 6. HP: 54/56 MP: 6/6
  4736 | D:5      | Reached skill level 6 in Long Blades
  5090 | D:5      | Reached XP level 7. HP: 61/61 MP: 4/7
  5822 | D:6      | Reached skill level 7 in Long Blades
  5888 | D:6      | Reached *** piety under Okawaru
  6120 | D:6      | Found Xucw's Armour Boutique.
  6243 | D:6      | Reached XP level 8. HP: 64/71 MP: 8/8
  6986 | D:7      | Reached skill level 8 in Long Blades
  6999 | D:7      | Reached skill level 5 in Armour
  7077 | D:7      | Identified Mayhaigg's Grimoire of Cloudy Poison
  7077 | D:7      | Noticed Joseph
  7112 | D:7      | Killed Joseph
  7112 | D:7      | Reached **** piety under Okawaru
  7112 | D:7      | Reached skill level 9 in Long Blades
  7295 | D:6      | Reached XP level 9. HP: 33/79 MP: 6/9
  7722 | D:7      | Found an opulent altar of Gozag.
  8174 | D:7      | Found Raduz's Weapon Shop.
  8444 | D:8      | Reached skill level 10 in Long Blades
  8452 | D:8      | Noticed Pikel
  8499 | D:8      | Reached skill level 11 in Long Blades
  8514 | D:8      | Killed Pikel
  8815 | D:8      | Reached skill level 12 in Long Blades
  8815 | D:8      | Reached XP level 10. HP: 61/88 MP: 10/10
  8899 | D:8      | Noticed Grum
  9230 | D:8      | Killed Grum
  9468 | D:8      | Reached skill level 13 in Long Blades
  9478 | D:8      | Reached ***** piety under Okawaru
  9643 | D:8      | Noticed a three-headed hydra
  9652 | D:8      | Killed a one-headed hydra
  9652 | D:8      | Reached skill level 14 in Long Blades
  9701 | D:8      | Found a blossoming altar of Fedhas.
  9724 | D:8      | Noticed an oklob plant
  9749 | D:8      | Killed an oklob plant
  9805 | D:8      | Found a staircase to the Lair.
 10018 | D:9      | Found a snail-covered altar of Cheibriados.
 10032 | D:9      | Noticed Psyche
 10043 | D:9      | Killed Psyche
 10096 | D:9      | Received a gift from Okawaru
 10202 | D:9      | Reached XP level 11. HP: 76/94 MP: 11/11
 10335 | D:9      | Found Uclaricw's Magic Scroll Shop.
 10357 | D:10     | Entered Level 10 of the Dungeon
 10519 | D:10     | Reached skill level 5 in Bows
 10690 | D:10     | Found a staircase to the Orcish Mines.
 10835 | D:10     | Received a gift from Okawaru
 12785 | Lair:1   | Entered Level 1 of the Lair of Beasts
 15092 | Lair:2   | Got an iridescent rapier
 15093 | Lair:2   | Identified the cursed +3 rapier "Eviscerator" {pierce,
                  | *Corrode Int+4 Dex+4 Stlth+} (You found it on level 2 of
                  | the Lair of Beasts)
 15922 | Lair:2   | Found a runed translucent gate.
 15933 | Lair:2   | Noticed a five-headed hydra
 15945 | Lair:2   | Killed a one-headed hydra
 16280 | Lair:2   | Found a runed translucent gate.
 16281 | Lair:2   | Found a runed translucent gate.
 16281 | Lair:2   | Noticed an 11-headed hydra
 16281 | Lair:2   | Noticed Acheron's ghost (novice MfGl)
 16282 | Lair:2   | Noticed a nine-headed hydra
 16297 | Lair:2   | Slain by an 11-headed hydra

Skill      XL: |  1  2  3  4  5  6  7  8  9 10 11 |
---------------+----------------------------------+-----
Fighting       | 4 5 6 7 8 |  8.0
Long Blades    | 4 5 6 7 9 12 14 | 14.0
Armour         | 1 2 3 4 5 6 |  6.3
Bows           | 4 9 |  9.4
Dodging        | |  2.4
Stealth        | |  1.5

Action                   |  1- 3 |  4- 6 |  7- 9 | 10-12 || total
-------------------------+-------+-------+-------+-------++-------
Melee: Falchion          |    89 |   224 |   243 |    17 ||   573
       Punch             |       |     1 |       |     2 ||     3
       Scimitar          |       |       |    78 |   475 ||   553
 Fire: Shortbow          |       |       |       |   181 ||   181
Throw: Stone             |    27 |   162 |    57 |    24 ||   270
       Tomahawk          |       |    27 |    28 |       ||    55
Invok: Heroism           |       |     1 |     8 |    13 ||    22
  Use: Scroll            |       |    11 |     2 |     7 ||    20
       Potion            |       |       |     6 |     1 ||     7
 Stab: Distracted        |       |     1 |       |       ||     1
  Eat: Chunk             |       |    12 |    11 |    16 ||    39
       Ration            |       |       |     2 |     3 ||     5
Armor: Robe              |     4 |       |       |       ||     4
       Ring mail         |     1 |       |       |       ||     1
       Chain mail        |    84 |   113 |   167 |       ||   364
       Plate armour      |       |       |    79 |   260 ||   339
       Crystal plate arm |       |       |       |   123 ||   123
Dodge: Dodged            |    50 |    73 |   172 |   113 ||   408
       Rpst.: Falchion   |    16 |    23 |    44 |       ||    83
       Scimitar          |       |       |     5 |    33 ||    38
